 Dungeon Crawl Stone Soup version 0.25-a0-201-g0bb11aece9 (webtiles) character file.

Game seed: 213094762359716326, levelgen mode: deterministic

199327 Lanoc the Impaler (level 18, -29/168 HPs)
             Began as a Minotaur Abyssal Knight on Dec 2, 2019.
             Was the Champion of Lugonu.
             Annihilated by a white ugly thing (32 damage)
             ... on level 2 of the Depths.
             The game lasted 01:38:16 (44016 turns).

Lanoc the Impaler (Minotaur Abyssal Knight)        Turns: 44016, Time: 01:38:17

Health: -29/168    AC: 20    Str: 19    XL:     18   Next: 24%
Magic:  0/24       EV: 17    Int:  9    God:    Lugonu [******]
Gold:   1974       SH:  5    Dex: 16    Spells: 17/17 levels left

rFire    + + .     SeeInvis .   y - +5 demon trident (elec)
rCold    . . .     Gourm    .   V - +0 buckler {AC+3}
rNeg     . . .     Faith    +   J - +0 shadow dragon scales
rPois    .         Spirit   +   (helmet restricted)
rElec    .         Reflect  .   p - scarf {Spirit}
rCorr    .         Harm     .   (no gloves)
MR       +....                  (no boots)
Stlth    +++.......             E - amulet of faith
HPRegen  0.38/turn              L - ring of protection from fire
MPRegen  0.19/turn              a - ring of stealth

@: no status effects
A: retaliatory headbutt, horns 2, fire resistance 1, low mp 1
a: Depart the Abyss, Bend Space, Banish, Corrupt, Enter the Abyss, Brand Weapon
With Distortion, Renounce Religion


You were on level 2 of the Depths.
You worshipped Lugonu.
Lugonu was exalted by your worship.
You were hungry.

You visited 5 branches of the dungeon, and saw 26 of its levels.
You visited the Abyss 1 time.
You visited 1 bazaar.
You also visited: Sewer and Bailey.

You collected 3410 gold pieces.
You spent 1436 gold pieces at shops.

Inventory:

Hand Weapons
 y - a +5 demon trident of electrocution (weapon)
 A - a +0 trident of venom
 D - the +6 hand axe "Xaf Ceo" {holy, *Rage rElec Str+4}
   (You found it on level 6 of the Dungeon)

   It has been blessed by the Shining One to cause great damage to the undead
   and demons.
   It affects your strength (+4).
   It insulates you from electricity.
   It may make you go berserk in combat.
 U - a +4 scimitar of flaming
Missiles
 b - 29 poisoned darts (quivered)
 w - 20 curare-tipped darts
 Q - 14 atropa-tipped darts
Armour
 p - a scarf of spirit shield (worn)
 H - a +0 shield
 J - +0 shadow dragon scales (worn)
 V - a +0 buckler of protection (worn)
 Z - a scarf of cloud immunity
Jewellery
 a - a ring of stealth (right hand)
 E - an amulet of faith (around neck)
 L - a ring of protection from fire (left hand)
Wands
 F - a wand of clouds (7)
 I - a wand of digging (7)
 K - a wand of disintegration (9)
 T - a wand of enslavement (8)
Scrolls
 d - 4 scrolls of enchant weapon
 e - 13 scrolls of identify
 i - 7 scrolls of amnesia
 j - 17 scrolls of remove curse
 m - 3 scrolls of blinking
 o - 2 scrolls of enchant armour
 r - a scroll of holy word {unknown}
 s - 5 scrolls of magic mapping
 t - 4 scrolls of fear
 C - 2 scrolls of fog
 N - 5 scrolls of immolation
Potions
 f - 3 potions of resistance
 h - 9 potions of might
 k - 13 potions of curing
 n - 8 potions of haste
 q - a potion of magic
 u - a potion of mutation
 v - 3 potions of brilliance
 x - 4 potions of agility
 z - 3 potions of berserk rage
 B - 3 potions of flight
 G - 6 potions of lignification
 P - a potion of invisibility
 S - 2 potions of cancellation
Miscellaneous
 g - a lamp of fire
 O - a box of beasts
 R - 2 phantom mirrors
 X - a lightning rod (4/4)
Comestibles
 c - 37 rations
 l - 3 chunks of flesh


   Skills:
 + Level 16.9 Fighting
 - Level 17.5 Polearms
 + Level 16.7 Armour
 + Level 15.4 Dodging
 - Level 4.1 Shields
 + Level 14.4 Invocations


You had 17 spell levels left.
You didn't know any spells.
Your spell library contained the following spells:

 Spells                   Type           Power        Failure   Level  Hunger
 Animate Skeleton         Necr           N/A          91%         1    ##.....
 Beastly Appendage        Tmut           #.....       91%         1    ##.....
 Confusing Touch          Hex            #.....       91%         1    ##.....
 Magic Dart               Conj           #...         91%         1    ##.....
 Pain                     Necr           #...         91%         1    ##.....
 Shock                    Conj/Air       #...         91%         1    ##.....
 Sting                    Conj/Pois      #...         91%         1    ##.....
 Summon Small Mammal      Summ           #...         91%         1    ##.....
 Blink                    Tloc           N/A          97%         2    ###....
 Call Imp                 Summ           #.......     97%         2    ###....
 Poisonous Vapours        Pois/Air       #.....       97%         2    ###....
 Slow                     Hex            #.......     97%         2    ###....
 Sticks to Snakes         Tmut           #.......     97%         2    ###....
 Swiftness                Chrm/Air       #.......     97%         2    ###....
 Call Canine Familiar     Summ           #.......     99%         3    ####...
 Confuse                  Hex            #.......     99%         3    ####...
 Conjure Flame            Conj/Fire      #.......     99%         3    ####...
 Dazzling Spray           Conj/Hex       #.....       99%         3    ####...
 Gell's Gravitas          Tloc           #.........   99%         3    ####...
 Inner Flame              Hex/Fire       #.......     99%         3    ####...
 Mephitic Cloud           Conj/Pois/Air  #.......     99%         3    ####...
 Spider Form              Tmut/Pois      #.........   99%         3    ####...
 Static Discharge         Conj/Air       #.......     99%         3    ####...
 Summon Guardian Golem    Hex/Summ       #.......     99%         3    ####...
 Airstrike                Air            #.........   100%        4    #####..
 Ice Form                 Ice/Tmut       #.......     100%        4    #####..
 Olgreb's Toxic Radiance  Pois           #.......     100%        4    #####..
 Petrify                  Tmut/Erth      #.......     100%        4    #####..
 Summon Ice Beast         Ice/Summ       #.......     100%        4    #####..
 Summon Lightning Spire   Summ/Air       #.......     100%        4    #####..
 Blade Hands              Tmut           #.........   100%        5    ######.
 Borgnjor's Vile Clutch   Necr/Erth      #.........   100%        5    ######.
 Lightning Bolt           Conj/Air       #.........   100%        5    ######.
 Metabolic Englaciation   Hex/Ice        #.........   100%        5    ######.
 Silence                  Hex/Air        #.........   100%        5    ######.
 Venom Bolt               Conj/Pois      #.........   100%        5    ######.
 Yara's Violent Unravell  Hex/Tmut       #.........   100%        5    ######.
 Darkness                 Hex            #.........   100%        6    #######
 Deflect Missiles         Chrm/Air       #.........   100%        6    #######
 Ozocubu's Refrigeration  Ice            #.........   100%        6    #######


Dungeon Overview and Level Annotations

Branches:
Dungeon (15/15)            Temple (1/1) D:7            Lair (6/6) D:9
  Swamp (0/4) Lair:2       Spider (0/4) Lair:2        Slime (0/5) Lair:5
    Orc (2/2) D:10            Elf (0/3) Orc:2        Vaults (0/5) D:14
 Depths (2/5) D:15          Sewer (visited)          Bailey (visited)

Altars:
Ashenzari
Dithmenos
Fedhas
Gozag
Hepliaklqana
Kikubaaqudgha
Makhleb
Okawaru
Qazlal
Xom
Yredelemnul
The Shining One
Beogh
Jiyva

Shops:
D:10 ?   D:11 *   D:12 *   Orc:2 *%(   Depths:1 !

Portals:
Hell: Depths:1 Depths:2
Pandemonium: Depths:1
Trove: D:15 (give +5 demon blade)

Annotations:
D:4 2 transporters
D:7 3 runed translucent doors, Leeroy's ghost, novice DrCj
D:10 2 runed translucent doors
Orc:1 3 runed translucent doors, bmj180's ghost, journeyman TrMo
Depths:2 corrupted


Innate Abilities, Weirdness & Mutations

You reflexively headbutt those who attack you in melee.
You have a pair of horns on your head.
Your flesh is heat resistant. (rF+)
Your magical capacity is low. (-10% MP)


Message History

The white ugly thing is severely wounded.
You block the white ugly thing's attack.
You closely miss the white ugly thing.
The white ugly thing is severely wounded.
You hit the white ugly thing but do no damage.
Lightning courses through the white ugly thing!
You headbutt the white ugly thing, but do no damage.
The white ugly thing is almost dead.
The white ugly thing pecks you.
* * * LOW HITPOINT WARNING * * *
The white ugly thing freezes you!!
* * * LOW HITPOINT WARNING * * *
There is a stone staircase leading up, spattered with blood here.
You closely miss the white ugly thing.
Your headbutt misses the white ugly thing.
The white ugly thing is almost dead.
The white ugly thing pecks you.
* * * LOW HITPOINT WARNING * * *
The white ugly thing freezes you!!
You die...

#.#####..# #.#
#........#
#.#####..# #.#
#..#### ### #.#
#.....######.. #.#
#<..###......[ #.#
#.###.......[.
#)#######..........#
#..@u.[#(.).....####
#.####.)(.()..###.((
#.# #....)...#.....
#.# ##.......#.....
#.# ##.....##..###
#.# ##....†.....#
### ###..#....[)
####.....) #####..


You could see a white ugly thing.

Vanquished Creatures
  An ancient lich (Depths:2)
  A lich (Depths:1)
  A sphinx (Depths:1)
  3 shadow dragons
  2 frost giants
  A cacodemon (Depths:1)
  6 very ugly things
  5 stone giants
  4 vampire knights
  Nessos (Orc:2)
  Azrael (D:15)
  An ettin (Depths:1)
  Josephine (D:11)
  2 fire dragons
  A merfolk impaler (Depths:2)
  2 great orbs of eyes (Depths:1)
  3 yaktaur captains
  Erolcha (Orc:2)
  4 ice dragons
  3 hydras
  3 rakshasas
  4 centaur warriors
  A death knight (D:15)
  4 catoblepae
  2 dancing weapons (D:14)
  7 death yaks (Lair:6)
  5 ogre magi
  5 deep troll shamans
  3 orc high priests
  27 two-headed ogres
  A vampire mage (Depths:2)
  Urug (Orc:2)
  A deep troll earth mage (Depths:1)
  2 tengu warriors
  Sonja (D:10)
  A soul eater (Depths:1)
  An iron troll (Depths:2)
  6 skeletal warriors (Depths:2)
  A shadow wraith (Depths:2)
  2 deep trolls (Depths:2)
  5 unseen horrors
  A flayed ghost (Depths:2)
  2 wizards
  5 orc knights
  A shadow dragon zombie (Depths:2)
  A necromancer (Depths:2)
  Pikel (D:5)
  3 iron dragon zombies (Depths:2)
  6 orc sorcerers
  3 deep elf magi
  4 manticores
  A cyclops (shapeshifter) (D:15)
  16 ugly things
  2 centaur zombies
  Joseph (D:9)
  5 cyclopes
  Maurice (D:9)
  5 elephants (Lair:5)
  A stone giant skeleton (Depths:2)
  4 black mambas
  14 spiny frogs
  5 rime drakes
  3 gargoyles
  12 yaktaurs
  3 freezing wraiths
  2 komodo dragons
  A spectral glowing shapeshifter (Depths:2)
  4 tengu conjurers
  A polar bear (Lair:6)
  2 red devils (Depths:1)
  A meliai (D:10)
  A hellwing (Depths:1)
  8 trolls
  3 hornets
  A troll (shapeshifter) (D:6)
  2 jumping spiders (shapeshifter) (D:15)
  28 blink frogs
  9 hippogriffs
  14 slime creatures
  A raiju (shapeshifter) (Depths:1)
  4 dream sheep (Lair:4)
  A blink frog (shapeshifter) (D:15)
  Grinder (D:4)
  13 wraiths
  Sigmund (D:2)
  A ynoxinul (Depths:1)
  A spriggan (shapeshifter) (D:15)
  5 fire elementals (D:15)
  5 wyverns
  40 yaks
  A basilisk (Lair:5)
  3 hogs (D:8)
  A human (D:8)
  2 vampires (D:14)
  Grum (D:9)
  5 hungry ghosts
  4 vampire mosquitoes (D:15)
  16 wargs
  A hell hound (D:15)
  12 water moccasins
  2 acid dragons
  2 black bears
  8 porcupines
  A swamp drake (Lair:2)
  40 orc warriors
  2 ice beasts
  A hornet zombie (D:15)
  3 phantoms
  An eye of draining (D:10)
  7 sky beasts
  21 ogres
  A sky beast (shapeshifter) (D:15)
  2 necrophages
  18 wolves
  4 boggarts (D:15)
  17 centaurs
  16 crocodiles
  5 big kobolds
  2 earth elementals (D:11)
  A gnoll sergeant (Orc:2)
  21 bullfrogs
  A wyvern zombie (D:8)
  5 scorpions
  6 wights
  4 killer bees (D:9)
  6 howler monkeys
  An electric eel (Lair:6)
  6 jellies
  6 crimson imps
  2 quasits
  5 centaur skeletons
  33 orc priests
  5 bullfrog skeletons
  2 bullfrog zombies
  12 hounds
  An iron imp (Depths:1)
  5 iguanas
  Natasha (D:2)
  41 orc wizards
  18 worker ants
  A killer bee zombie (D:6)
  3 hound skeletons
  A hound zombie (D:8)
  2 worker ant zombies
  Robin (D:2)
  14 adders
  13 gnolls
  A river rat (D:5)
  6 shadow imps
  A white imp (Depths:1)
  An ufetubus (Depths:1)
  4 oozes
  2 worms (Sewer)
  A dart slug (D:1)
  7 leopard geckos
  155 orcs
  8 ball pythons
  5 giant cockroaches
  10 hobgoblins
  17 jackals
  4 quokkas
  4 bats
  8 frilled lizards
  23 goblins
  A jackal zombie (D:5)
  23 kobolds
  A quokka zombie (D:8)
  8 rats
1083 creatures vanquished.

Vanquished Creatures (others)
  A vampire knight (Depths:2)
  A death knight (Depths:2)
  A deep troll shaman (Depths:2)
  A deep troll earth mage (Depths:2)
  A flayed ghost (Depths:2)
  3 deep trolls (Depths:2)
  4 slime creatures (Depths:2)
  An iguana (Lair:2)
  7 fungi
  29 plants
  5 starspawn tentacles (Depths:2)
54 creatures vanquished.

Grand Total: 1137 creatures vanquished

Notes
Turn   | Place    | Note
-------+----------+-------------------------------------------
     0 | Abyss:1  | Lanoc the Minotaur Abyssal Knight began the quest for the
                  | Orb.
     0 | Abyss:1  | Reached XP level 1. HP: 19/19 MP: 1/1
     3 | Abyss:1  | Found an iron altar of Okawaru.
    23 | D:1      | Escaped the Abyss
   260 | D:1      | Reached XP level 2. HP: 27/27 MP: 2/2
   299 | D:1      | Reached skill level 3 in Polearms
   756 | D:2      | Reached ** piety under Lugonu
   766 | D:2      | Reached XP level 3. HP: 20/33 MP: 3/3
   959 | D:2      | Noticed Sigmund
  1012 | D:2      | Killed Sigmund
  1012 | D:2      | Reached skill level 4 in Polearms
  1012 | D:2      | Reached XP level 4. HP: 27/41 MP: 3/5
  1012 | D:2      | Reached XP level 5. HP: 31/47 MP: 3/6
  1197 | D:2      | Noticed Natasha
  1206 | D:2      | Noticed Robin
  1208 | D:2      | Killed Natasha
  1478 | D:2      | Killed Robin
  1484 | D:2      | Reached XP level 6. HP: 41/53 MP: 7/7
  1525 | D:3      | Reached *** piety under Lugonu
  1988 | D:3      | Reached skill level 5 in Polearms
  2319 | D:4      | Found an opulent altar of Gozag.
  2345 | D:4      | Found a transporter.
  2350 | D:4      | Found a transporter.
  2352 | D:4      | Noticed an ice beast
  2356 | D:4      | Found a hazy altar of Hepliaklqana.
  2356 | D:4      | Found a stormy altar of Qazlal.
  2356 | D:4      | Found a basalt altar of Yredelemnul.
  2656 | D:4      | Reached skill level 5 in Fighting
  2673 | D:4      | Noticed Grinder
  2692 | D:4      | Killed Grinder
  2692 | D:4      | Reached skill level 6 in Polearms
  2692 | D:4      | Reached XP level 7. HP: 49/61 MP: 5/8
  3128 | D:5      | Entered Level 5 of the Dungeon
  3140 | D:5      | Found a glowing drain.
  3160 | Sewer    | Entered a sewer
  3632 | D:5      | Reached **** piety under Lugonu
  3706 | D:5      | Reached skill level 5 in Armour
  3738 | D:5      | Reached skill level 7 in Polearms
  3738 | D:5      | Reached XP level 8. HP: 47/70 MP: 7/10
  3911 | D:5      | Noticed Pikel
  3924 | D:5      | Killed Pikel
  3924 | D:5      | Reached skill level 8 in Polearms
  4339 | D:6      | Reached skill level 5 in Dodging
  4714 | D:6      | Reached skill level 5 in Invocations
  4764 | D:6      | Noticed a troll
  4769 | D:6      | Reached XP level 9. HP: 73/78 MP: 9/11
  4797 | D:6      | Killed a troll
  4797 | D:6      | Reached skill level 9 in Polearms
  4843 | D:6      | Got a scorched hand axe
  4844 | D:6      | Identified the +6 hand axe "Xaf Ceo" {holy, *Rage rElec
                  | Str+4} (You found it on level 6 of the Dungeon)
  5569 | D:7      | Found a staircase to the Ecumenical Temple.
  5665 | Temple   | Entered the Ecumenical Temple
  5691 | D:7      | Found a blossoming altar of Fedhas.
  5691 | D:7      | Found an ancient bone altar of Kikubaaqudgha.
  5800 | D:7      | Found a runed translucent gate.
  5800 | D:7      | Found a runed translucent gate.
  5800 | D:7      | Found a runed translucent gate.
  5802 | D:7      | Noticed Leeroy's ghost (novice DrCj)
  6394 | D:7      | Found a shadowy altar of Dithmenos.
  6394 | D:7      | Found a burning altar of Makhleb.
  6394 | D:7      | Found a shimmering altar of Xom.
  6807 | D:7      | Reached ***** piety under Lugonu
  7020 | D:8      | Reached skill level 10 in Polearms
  7261 | D:8      | Reached XP level 10. HP: 88/88 MP: 11/13
  7381 | D:8      | Noticed a cyclops
  7390 | D:8      | Found a burning altar of Makhleb.
  8100 | D:8      | Reached skill level 11 in Polearms
  8468 | D:8      | Paralysed by a hornet for 1 turns
  8480 | D:9      | Noticed Joseph
  8660 | D:8      | Killed a cyclops
  8994 | D:9      | Killed Joseph
  9182 | D:9      | Found an iron altar of Okawaru.
  9188 | D:9      | Noticed Maurice
  9225 | D:9      | Killed Maurice
  9583 | D:9      | Noticed a deep elf mage
  9598 | D:9      | Killed a deep elf mage
  9646 | D:9      | Reached XP level 11. HP: 81/97 MP: 15/15
  9800 | D:9      | Reached ****** piety under Lugonu
  9827 | D:9      | Reached skill level 12 in Polearms
  9863 | D:9      | Noticed Grum
  9904 | D:9      | Killed Grum
 10285 | D:9      | Found a staircase to the Lair.
 10341 | D:9      | Found a glowing golden altar of the Shining One.
 10343 | D:9      | Found an iron altar of Okawaru.
 10344 | D:9      | Found a shattered altar of Ashenzari.
 10393 | D:9      | Noticed a two-headed ogre
 10613 | D:9      | Killed a two-headed ogre
 10664 | D:9      | Noticed a two-headed ogre
 10672 | D:9      | Killed a two-headed ogre
 10966 | D:10     | Entered Level 10 of the Dungeon
 11025 | D:10     | Found Onyecleng's Magic Scroll Shop.
 11157 | D:10     | Found a large runed translucent door.
 11157 | D:10     | Found a large runed translucent door.
 11161 | D:10     | Found a large runed translucent door.
 11161 | D:10     | Found a large runed translucent door.
 11350 | D:10     | Noticed a centaur warrior
 11363 | D:10     | Killed a centaur warrior
 11484 | D:10     | Noticed a two-headed ogre
 11497 | D:10     | Killed a two-headed ogre
 11497 | D:10     | Reached skill level 13 in Polearms
 11513 | D:10     | Noticed Sonja
 11534 | D:10     | Killed Sonja
 11534 | D:10     | Reached skill level 10 in Fighting
 11840 | D:10     | Found a staircase to the Orcish Mines.
 12265 | D:10     | Reached skill level 10 in Armour
 12382 | D:10     | Identified the Volume of Entrancing Augmentations
 12440 | D:11     | Reached XP level 12. HP: 106/106 MP: 17/17
 12999 | D:11     | Found Xivyohi's Pet Rocks.
 14797 | D:12     | Reached skill level 14 in Polearms
 14800 | D:12     | Noticed a tengu warrior
 14811 | D:12     | Killed a tengu warrior
 14858 | D:12     | Noticed a two-headed ogre
 14879 | D:12     | Killed a two-headed ogre
 14879 | D:12     | Reached skill level 1 in Shields
 15087 | D:12     | Found a flagged portal.
 15102 | Bailey   | Entered a bailey
 16366 | D:12     | Found Bass's Assorted Antiques.
 16369 | D:12     | Bought a potion of heal wounds for 170 gold pieces
 16430 | D:12     | Noticed Josephine
 16477 | D:11     | Killed Josephine
 16919 | D:13     | Noticed a two-headed ogre
 16929 | D:13     | Killed a two-headed ogre
 16933 | D:13     | Reached XP level 13. HP: 65/116 MP: 11/18
 17488 | D:13     | Reached skill level 10 in Dodging
 17750 | D:13     | You fall into a shaft and drop 2 floors!
 17750 | D:15     | Entered Level 15 of the Dungeon
 17757 | D:15     | Noticed Azrael
 17782 | D:15     | Killed Azrael
 17782 | D:15     | Reached skill level 15 in Polearms
 18013 | D:15     | Identified the +6 mace "Peaskiym" {pain, SInv Stlth+} (You
                  | found it on level 15 of the Dungeon)
 19092 | D:15     | Found a portal to a secret trove of treasure.
 19671 | D:14     | Found a gate to the Vaults.
 20082 | D:14     | Reached skill level 10 in Invocations
 20721 | D:14     | Reached skill level 16 in Polearms
 21772 | D:14     | Reached XP level 14. HP: 122/127 MP: 17/20
 22867 | D:14     | Noticed a storm dragon
 24167 | Lair:1   | Entered Level 1 of the Lair of Beasts
 25681 | Lair:2   | Found a staircase to the Swamp.
 25708 | Lair:2   | Reached skill level 17 in Polearms
 25837 | Lair:2   | Found a hole to the Spider Nest.
 27533 | Lair:4   | Reached XP level 15. HP: 136/136 MP: 22/22
 28422 | Lair:5   | Found a viscous altar of Jiyva.
 28423 | Lair:5   | Found a staircase to the Slime Pits.
 28614 | Lair:6   | Entered Level 6 of the Lair of Beasts
 29676 | Lair:6   | Reached XP level 16. HP: 131/145 MP: 19/23
 31928 | Orc:1    | Entered Level 1 of the Orcish Mines
 32121 | Orc:1    | Found a shimmering altar of Xom.
 32139 | Orc:1    | Paralysed by an orc sorcerer for 3 turns
 32535 | Orc:1    | You fall into a shaft and drop 1 floor!
 32535 | Orc:2    | Entered Level 2 of the Orcish Mines
 32537 | Orc:2    | Noticed Nessos
 32579 | Orc:2    | Noticed Erolcha
 32594 | Orc:2    | Killed Erolcha
 32642 | Orc:2    | Found a flickering gateway to a bazaar.
 32672 | Bazaar   | Entered a bazaar
 32672 | Bazaar   | Found Edofruala's Gadget Boutique.
 32672 | Bazaar   | Found Zuczi's Magic Scroll Boutique.
 32685 | Bazaar   | Found Luazol's Gadget Boutique.
 32696 | Bazaar   | Found Duxi's Antique Weapon Boutique.
 32704 | Bazaar   | Found Tiugg's Gadget Shoppe.
 32744 | Bazaar   | Bought a scroll of identify for 34 gold pieces
 32744 | Bazaar   | Bought a scroll of identify for 34 gold pieces
 32744 | Bazaar   | Bought a scroll of magic mapping for 59 gold pieces
 32910 | Orc:2    | Gained mutation: Your flesh is heat resistant. (rF+) [a
                  | neqoxec]
 32964 | Orc:2    | Found a staircase to the Elven Halls.
 32970 | Orc:2    | Noticed Urug
 33322 | Orc:1    | Found a runed translucent gate.
 33322 | Orc:1    | Found a runed translucent gate.
 33324 | Orc:1    | Found a runed translucent gate.
 33408 | Orc:1    | Found a roughly hewn altar of Beogh.
 33463 | Orc:1    | Noticed bmj180's ghost (journeyman TrMo)
 33994 | Orc:2    | Paralysed by an orc sorcerer for 3 turns
 34419 | Orc:2    | Killed Nessos
 34804 | Orc:2    | Killed Urug
 34973 | Orc:2    | Gained mutation: Your magical capacity is low. (-10% MP) [a
                  | neqoxec]
 35229 | Orc:2    | Found Egrup's Food Shoppe.
 35229 | Orc:2    | Found Bompuc's Distillery.
 35245 | Orc:2    | Found Kaobid's Assorted Antiques.
 35246 | Orc:2    | Found Laatzo's Antique Weapon Emporium.
 35268 | Orc:2    | Bought a potion of might for 56 gold pieces
 35268 | Orc:2    | Bought a potion of curing for 42 gold pieces
 35268 | Orc:2    | Bought a potion of curing for 42 gold pieces
 35268 | Orc:2    | Bought a potion of curing for 42 gold pieces
 35268 | Orc:2    | Bought a potion of cancellation for 112 gold pieces
 35268 | Orc:2    | Bought a potion of berserk rage for 70 gold pieces
 35268 | Orc:2    | Bought a potion of berserk rage for 70 gold pieces
 35273 | Orc:2    | Bought a scroll of teleportation for 72 gold pieces
 35273 | Orc:2    | Bought 2 potions of might for 192 gold pieces
 35934 | D:15     | Found a staircase to the Depths.
 35958 | Depths:1 | Entered Level 1 of the Depths
 36268 | Depths:1 | Reached skill level 15 in Fighting
 36292 | Depths:1 | Noticed a lich
 36307 | Depths:1 | Killed a lich
 36380 | Depths:1 | Found Hocunti's Distillery.
 36393 | Depths:1 | Bought a potion of curing for 63 gold pieces
 36393 | Depths:1 | Bought a potion of haste for 210 gold pieces
 36403 | Depths:1 | Paralysed by a vampire knight for 2 turns
 36412 | Depths:1 | Bought a potion of invisibility for 168 gold pieces
 36694 | Depths:1 | Found a one-way gate leading to the halls of Pandemonium.
 36802 | Depths:1 | Reached skill level 15 in Armour
 36954 | Depths:1 | Found a gateway to Hell.
 36970 | Depths:1 | Reached XP level 17. HP: 138/156 MP: 20/23
 37111 | Depths:1 | Paralysed by a sphinx for 2 turns
 38569 | Depths:1 | Identified Aleupra's Volume of Frigorific Malediction
 39008 | Depths:2 | Found a shattered altar of Ashenzari.
 40740 | Depths:2 | Paralysed by an ogre mage for 5 turns
 41786 | Depths:2 | Noticed an ancient lich
 42315 | Depths:2 | Paralysed by a vampire knight for 5 turns
 42384 | Depths:2 | Reached skill level 15 in Dodging
 42453 | Depths:2 | Killed an ancient lich
 42453 | Depths:2 | Reached XP level 18. HP: 62/168 MP: 8/24
 43166 | Depths:2 | Paralysed by something for 7 turns
 43328 | Depths:2 | Corrupted Depths:2
 43832 | Depths:2 | Identified the Guide on Darkness
 44014 | Depths:2 | HP: 5/168 [white ugly thing (20)]
 44016 | Depths:2 | Annihilated by a white ugly thing

Levels and vault maps discovered:
D:1:      saegor_arrival_simple_d, layout_loops_ring, serial_glass,
          glass_columns_c, glass_columns_c, glass_columns_c, glass_columns_a,
          glass_columns_a, glass_columns_a, glass_columns_a, glass_columns_c,
          due_unseen_surprise, item_on_display_a, item_on_display_b
D:2:      layout_rooms, mrwooster_statue_mirror, uniq_robin, uniq_sigmund,
          uniq_natasha
D:3:      layout_basic, first_ration
D:4:      layout_basic, gammafunk_temple_overflow_arena,
          nicolae_overflow_hidden_temple, grunt_gozag_statues, uniq_grinder
D:5:      layout_basic, cheibrodos_sewer_entry_sluice, st_stairs_3,
          minivault_24, grunt_ministairs_12, uniq_pikel
D:6:      cheibrodos_fzero, layout_basic, moated_statue, minmay_holes
D:7:      layout_cave_pods, grunt_temple_overflow_growth_and_decay,
          chequers_temple_overflow_statue_of_worship,
          minmay_temple_entry_arrows, gammafunk_ghost_necromancy
D:8:      minmay_slanted_spiral_squares, layout_loops_ring, serial_rivers,
          chequers_serial_rivers_micro_e, chequers_serial_rivers_small_b,
          chequers_serial_rivers_micro_c, chequers_serial_rivers_small_b,
          grunt_livestock, bloody_makhleb
D:9:      minmay_polygon_palace, layout_basic, grunt_temple_overflow_open,
          lair_entry_dummy, basic_altar, guppyfry_early_elven_hall, uniq_grum,
          uniq_joseph, uniq_maurice
D:10:     layout_irregular_city, david_orc_3, serial_shops, shop_statue,
          serial_glass, glass_columns_a, glass_columns_a,
          minmay_hollow_rounded_squares, uniq_sonja
D:11:     layout_irregular_city, guppyfry_shop_earth
D:12:     layout_roguey, lightli_bailey_entry_fortress, serial_shops,
          nicolae_shop_trees, uniq_josephine
D:13:     layout_cave_pools
D:14:     lemuel_castle_with_subvaults [lemuel_castle_interior_original],
          layout_irregular_city, erik_vaults_1, minmay_staircase_bubble,
          kennysheep_donut
D:15:     gammafunk_enter_depths_forms, layout_basic,
          nicolae_trove_entry_diagonal, uniq_azrael
Temple:   zaba_magenta_temple
Lair:1:   layout_big_grid, st_stairs_11, grunt_megastairs_1, lemuel_fruit_fields
Lair:2:   layout_concentric_octagons, minmay_swamp_entry_reptiles,
          spider_nest_entry_web_field, chequers_serial_rivers_marsh,
          grunt_megastairs_2
Lair:3:   layout_gridlike
Lair:4:   layout_misc_corridors
Lair:5:   layout_big_grid, dpeg_slime_entry_enclosed_altar
Lair:6:   evilmike_catoblepas_cave, layout_loops_ring,
          nicolae_quartered_pool_medium
Orc:1:    layout_diamond_mine, basic_altar, gammafunk_ghost_necromancy,
          nicolae_orc_pool_cavern, bh_open_orc_temple
Orc:2:    st_orc_mages, layout_caves, serial_shops, bzr_entry_customers,
          uniq_urug, uniq_nessos, uniq_erolcha
Depths:1: minmay_the_grid_4x2 [minmay_the_grid_minigrid_large,
          minmay_the_grid_outer_diamond, minmay_the_grid_rooms,
          minmay_the_grid_all_tris, minmay_the_grid_holed_spiral,
          minmay_the_grid_empty, minmay_the_grid_eight,
          minmay_the_grid_prize_four_corners_diamond_a], layout_gridlike,
          grunt_pan_entry_in_and_out, serial_shops, nicolae_shop_crystal,
          hell_entry, serial_co_window_serial, co_window_paths_b,
          co_window_paths_b, co_window_paths_a, co_window_paths_b,
          co_window_of_opportunity_a, co_window_broadway_a,
          co_window_of_opportunity_b, co_window_of_opportunity_c,
          glass_columns_b, glass_columns_b, glass_columns_a,
          minmay_misc_feat_hallway
Depths:2: kennysheep_spiral_hall, layout_small_grid, special_room
          [special_room_morgue], ashenzari_altar_1, grunt_hell_entry_dis_mu,
          infiniplex_staircase_door_maze, serial_bayou_shore_a,
          serial_bayou_shore_b

Skill      XL: |  1  2  3  4  5  6  7  8  9 10 11 12 13 14 15 16 17 |
---------------+----------------------------------------------------+-----
Invocations    | 2 3 4 5 6 7 8 9 10 11 12 14 | 14.4
Polearms       | 3 4 6 7 8 10 11 13 14 16 17 | 17.5
Fighting       | 4 5 6 7 9 10 11 12 13 15 16 | 16.9
Armour         | 3 4 5 6 7 8 10 11 12 13 15 16 | 16.7
Dodging        | 2 3 4 5 6 7 8 9 10 11 12 13 15 | 15.4
Shields        | 3 4 |  4.1

Action                   |  1- 3 |  4- 6 |  7- 9 | 10-12 | 13-15 | 16-18 || total
-------------------------+-------+-------+-------+-------+-------+-------++-------
Melee: Spear             |   119 |   177 |   292 |       |       |       ||   588
       Headbutt          |     8 |    29 |    87 |   196 |   397 |   370 ||  1087
       Trident           |       |       |   249 |  1204 |  1783 |   732 ||  3968
       Unarmed           |       |       |       |       |     7 |     7 ||    14
       Demon trident     |       |       |       |       |       |  1048 ||  1048
Throw: Dart              |     5 |     3 |     1 |     1 |     4 |       ||    14
Invok: Corrupt           |       |       |       |       |       |     1 ||     1
Evoke: Wand              |       |       |       |     3 |     1 |     7 ||    11
  Use: Potion            |     1 |     3 |     2 |     4 |     3 |    12 ||    25
       Scroll            |       |       |    18 |     6 |    10 |    18 ||    52
 Stab: Petrified         |       |       |       |       |       |     5 ||     5
       Petrifying        |       |       |       |       |       |     1 ||     1
       Distracted        |       |       |       |       |       |     2 ||     2
       Sleeping          |       |       |       |       |       |     1 ||     1
  Eat: Chunk             |       |     5 |    18 |    30 |    35 |    36 ||   124
       Ration            |       |       |       |     3 |     2 |     3 ||     8
Armor: Chain mail        |    55 |    98 |   177 |   283 |       |       ||   613
       Skin              |     1 |       |       |       |       |       ||     1
       Plate armour      |       |       |     4 |    78 |   551 |   299 ||   932
       Ice dragon scales |       |       |       |       |       |    30 ||    30
       Shadow dragon sca |       |       |       |       |       |   172 ||   172
Dodge: Dodged            |    33 |    31 |   144 |   368 |   522 |   585 ||  1683
Block: Buckler           |       |       |       |    33 |   276 |   228 ||   537

Table legend:
 A = Non-vault XP
 B = Vault XP
 C = Vault XP percentage of total XP
 D = Non-vault monster count
 E = Vault monster count
 F = Vault count percentage of total count
                 A         B        C        D         E       F
            +---------+---------+-------+---------+---------+-------
      Total |  162885 |  100764 |  38.2 |     717 |     368 |  33.9
            +---------+---------+-------+---------+---------+-------
        D:1 |      30 |       0 |   0.0 |      17 |       0 |   0.0
        D:2 |      75 |     282 |  79.0 |      30 |      14 |  31.8
        D:3 |      75 |       0 |   0.0 |      15 |       0 |   0.0
        D:4 |     291 |     244 |  45.6 |      19 |       1 |   5.0
        D:5 |     352 |     820 |  70.0 |      11 |       6 |  35.3
        D:6 |     725 |     621 |  46.1 |      20 |      12 |  37.5
        D:7 |     870 |       0 |   0.0 |      28 |       0 |   0.0
        D:8 |    1668 |    2413 |  59.1 |      39 |      16 |  29.1
        D:9 |    3713 |    3070 |  45.3 |      26 |      24 |  48.0
       D:10 |    3469 |    3643 |  51.2 |      23 |      20 |  46.5
       D:11 |    4409 |    1708 |  27.9 |      33 |       5 |  13.2
       D:12 |    3928 |     704 |  15.2 |      17 |      15 |  46.9
       D:13 |    8971 |       0 |   0.0 |      47 |       0 |   0.0
       D:14 |    9994 |    6131 |  38.0 |      27 |      64 |  70.3
       D:15 |   14263 |    5125 |  26.4 |      40 |      18 |  31.0
     Lair:1 |    5232 |     667 |  11.3 |      20 |       2 |   9.1
     Lair:2 |    3033 |     372 |  10.9 |      15 |       5 |  25.0
     Lair:3 |    1805 |       0 |   0.0 |      11 |       0 |   0.0
     Lair:4 |    6660 |       0 |   0.0 |      25 |       0 |   0.0
     Lair:5 |    6441 |       0 |   0.0 |      26 |       0 |   0.0
     Lair:6 |   11233 |   12176 |  52.0 |      42 |      23 |  35.4
      Orc:1 |    2237 |    1333 |  37.3 |      34 |       9 |  20.9
      Orc:2 |    4509 |    7755 |  63.2 |      58 |      45 |  43.7
   Depths:1 |   29267 |   22923 |  43.9 |      39 |      32 |  45.1
   Depths:2 |   39635 |   27314 |  40.8 |      55 |      22 |  28.6
      Sewer |       0 |     267 | 100.0 |       0 |      19 | 100.0
     Bailey |       0 |    3196 | 100.0 |       0 |      16 | 100.0
            +---------+---------+-------+---------+---------+-------
